 Dungeon Crawl Stone Soup version 0.29.1-1-gd02db6906a (webtiles) character file.

Game seed: 721355294645787328

25 ImASeal the Poker (level 2, -2/29 HPs)
             Began as a Troll Berserker on Oct 4, 2022.
             Was a Follower of Trog.
             Succumbed to a kobold's poison
             ... on level 1 of the Dungeon.
             The game lasted 00:01:03 (477 turns).

ImASeal the Poker (Troll Berserker)                  Turns: 477, Time: 00:01:04

Health: -2/29      AC:  4    Str: 24    XL:     2   Next: 86%
Magic:  1/1        EV: 10    Int:  3    God:    Trog [*.....]
Gold:   26         SH:  0    Dex:  9    Spells: 1/1 levels left

rFire   . . .      SeeInvis .   a - +0 spear
rCold   . . .      Faith    .   (no shield)
rNeg    . . .      Spirit   .   b - +0 animal skin
rPois   .          Reflect  .   (helmet restricted)
rElec   .          Harm     .   (no cloak)
rCorr   +          Rampage  .   (gloves unavailable)
Will    .....                   (boots unavailable)
Stlth   +.........              (no amulet)
HPRegen 0.89/turn               d - ring of resist corrosion
MPRegen 0.07/turn               (no ring)

@: lethally poisoned (-2 -> -14)
A: large, unfitting armour, claws 3, regeneration 1, shaggy fur 1, tough skin 1
a: Renounce Religion, Berserk


You were on level 1 of the Dungeon.
You worshipped Trog.
Trog was aware of your devotion.
You visited 1 branch of the dungeon, and saw 1 of its levels.

You collected 26 gold pieces.

Inventory:

Hand Weapons
 a - a +0 spear (weapon)
Armour
 b - a +0 animal skin (worn)
Jewellery
 d - a ring of resist corrosion (left claw)
Scrolls
 c - a scroll of identify {unknown}
 f - a scroll of magic mapping {unknown}
Potions
 e - a potion of degeneration {unknown}
 g - a potion of cancellation {unknown}
 h - a potion of brilliance {unknown}


   Skills:
 + Level 2.7 Fighting
 + Level 2.8 Polearms
 + Level 2.7 Dodging


You had one spell level left.
You didn't know any spells.
Your spell library was empty.

Dungeon Overview and Level Annotations

Branches:
Dungeon (1/15)

Altars:


Innate Abilities, Weirdness & Mutations

You are too large for most types of armour.
You have claws for hands.
Your natural rate of healing is unusually fast.
You are covered in fur. (AC +1)
You have tough skin. (AC +1)


Message History

The frilled lizard hisses angrily.
You reach to attack!
You miss the frilled lizard. You closely miss the frilled lizard.
The frilled lizard barely misses you.
You puncture the frilled lizard!
You kill the frilled lizard!
Trog accepts your kill.
No target in view!
g - a sedimented brown potion
h - a cyan potion A kobold comes into view.
It is wielding a +2 whip of venom.
The kobold shouts!
You closely miss the kobold.
The kobold hits you with a +2 whip of venom.
You are poisoned.
You closely miss the kobold.
You feel very sick. The kobold completely misses you.
You hit the kobold.
The kobold is heavily wounded.
You feel very sick. The kobold hits you but does no damage.
You are more poisoned.
You closely miss the kobold.
The kobold is heavily wounded.
You feel very sick.
The kobold hits you with a +2 whip of venom.
You are too injured to fight recklessly!
You are too injured to fight recklessly!
You feel very sick. The kobold attacks as you move away!
The kobold hits you with a +2 whip of venom.
You feel very sick. The kobold attacks as you move away!
The kobold hits you with a +2 whip of venom.
* * * LOW HITPOINT WARNING * * *
You are lethally poisoned!
* * * LOW HITPOINT WARNING * * *
You feel very sick.
You open the door.
You die...

######## #... #......# #... #####
#......# #... #...# #......#
####... #...# ### #......###
#...... #...# #.#
+........####...... #...###.#
##.................. ........#
#.............###...
..>..##.##.###.K@..........# #...
.....#..##.....#'#####...####....
.........#######.#######.# #.###
..#........................ ..
####.######..###.#.....###..
..##....###..###.#.....# .#
#.#####.#.....##.#.....# #.###
#.#.###....#.....# #...#
#.#.##...........#


You could see a kobold.

Vanquished Creatures
  2 dart slugs (D:1)
  3 endoplasms (D:1)
  A giant cockroach (D:1)
  4 goblins (D:1)
  2 hobgoblins (D:1)
  A quokka (D:1)
  2 bats (D:1)
  A frilled lizard (D:1)
  3 rats (D:1)
19 creatures vanquished.

Notes
Turn   | Place    | Note
-------+----------+-------------------------------------------
     0 | D:1      | ImASeal the Troll Berserker began the quest for the Orb.
     0 | D:1      | Reached XP level 1. HP: 22/22 MP: 0/0
   235 | D:1      | Reached XP level 2. HP: 28/29 MP: 1/1
   476 | D:1      | HP: 1/29 [poisoned by a kobold]
   477 | D:1      | Succumbed to a kobold's poison

Illustrated notes

Levels and vault maps discovered:
D:1:      lightli_iron_boxes, layout_basic, st_stairs_8

Action                   || total
-------------------------++-------
Melee: Spear             ||    56
 Stab: Sleeping          ||     3
Armor: Animal skin       ||    13
Dodge: Dodged            ||    11
